 Dungeon Crawl Stone Soup version 0.27-a0-396-g03f4e8edb7 (webtiles) character file.

Game seed: 3419240358588179031

13793 CryoSword the Severer (level 11, -4/101 HPs)
             Began as a Minotaur Monk on Feb 21, 2021.
             Was an Elder of the Shining One.
             Slain by a five-headed hydra (9 damage)
             ... on level 12 of the Dungeon.
             The game lasted 00:22:22 (13637 turns).

CryoSword the Severer (Minotaur Monk)              Turns: 13637, Time: 00:22:23

Health: -4/101     AC: 18    Str: 19    XL:     11   Next: 80%
Magic:  11/13      EV: 13    Int:  7    God:    the Shining One [****..]
Gold:   20         SH:  8    Dex: 13    Spells: 10/10 levels left

rFire    + . .     SeeInvis .   b - +1 scimitar (flame)
rCold    . . .     Faith    .   (no shield)
rNeg     + + +     Spirit   .   E - +3 scale mail {Will+}
rPois    .         Reflect  .   (helmet restricted)
rElec    .         Harm     .   I - +0 cloak
rCorr    .         Rampage  .   u - +2 pair of gloves
Will     +....                  y - +2 pair of boots
Stlth    ..........             x - amulet of magic regeneration
HPRegen  0.26/turn              s - ring of positive energy
MPRegen  0.38/turn              v - ring of protection from fire

@: divine shield, glowing
A: retaliatory headbutt, horns 2
a: Renounce Religion, Divine Shield, Cleansing Flame


You were on level 12 of the Dungeon.
You worshipped the Shining One.
The Shining One was greatly pleased with you.
You visited 2 branches of the dungeon, and saw 13 of its levels.
You also visited: Ossuary.

You collected 858 gold pieces.
You spent 838 gold pieces at shops.

Inventory:

Hand Weapons
 a - a +2 war axe of freezing
   (You took it off Harold on level 9 of the Dungeon)
 b - a +1 scimitar of flaming (weapon)
   (You took it off Erica on level 10 of the Dungeon)
 w - a +0 hand crossbow
   (You found it on level 6 of the Dungeon)
Missiles
 j - 43 poisoned darts (quivered)
 J - 70 bolts
 K - 4 boomerangs
 P - 3 throwing nets
 S - a curare-tipped dart
Armour
 u - a +2 pair of gloves (worn)
   (You found it on level 3 of the Dungeon)
 y - a +2 pair of boots (worn)
   (You found it on level 11 of the Dungeon)
 E - a +3 scale mail of willpower (worn)
   (You bought it in a shop on level 12 of the Dungeon)
 I - a +0 cloak (worn)
   (You found it on level 2 of the Dungeon)
Jewellery
 c - a +6 ring of intelligence
   (You found it on level 1 of the Dungeon)
 i - a ring of resist corrosion
   (You found it on level 6 of the Dungeon)
 s - a ring of positive energy (left hand)
   (You found it on level 3 of the Dungeon)
 v - a ring of protection from fire (right hand)
   (You found it on level 3 of the Dungeon)
 x - an amulet of magic regeneration (around neck)
   (You found it on level 7 of the Dungeon)
 C - a ring of fire
   (You found it on level 5 of the Dungeon)
 V - a +4 ring of evasion {unknown}
   (You bought it in a shop on level 12 of the Dungeon)
Wands
 M - a wand of iceblast (9)
   (You found it on level 8 of the Dungeon)
 Q - a wand of digging (7)
   (You found it on level 8 of the Dungeon)
 T - a wand of acid (11)
   (You found it on level 9 of the Dungeon)
Scrolls
 f - a scroll of identify {@r1}
 g - a scroll of magic mapping {unknown}
 k - 2 scrolls of immolation {!r}
 n - 5 scrolls of fog
 r - 11 scrolls of teleportation {@r4}
 D - a scroll of enchant armour {unknown}
 G - a scroll of enchant weapon {unknown}
 H - a scroll of fear
 L - a scroll of acquirement
 O - a scroll of silence
 U - 2 scrolls of brand weapon
Potions
 d - 4 potions of flight
 e - 5 potions of curing {@q1}
 h - 4 potions of mutation {!q}
 l - 3 potions of brilliance
 m - a potion of ambrosia
 o - 2 potions of haste {@q3}
 p - 2 potions of berserk rage
 q - 5 potions of lignification {!q}
 t - 5 potions of heal wounds {@q2}
 z - 2 potions of might
 A - a potion of resistance
 B - 2 potions of cancellation
 N - 2 potions of invisibility
 R - a potion of magic


   Skills:
 - Level 10.4 Fighting
 * Level 16.4 Axes
 - Level 7.2 Armour
 - Level 7.5 Dodging
 - Level 1.5 Stealth
 - Level 4.3 Invocations


You had 10 spell levels left.
You didn't know any spells.
Your spell library contained the following spells:

 Spells                   Type           Power        Failure   Level
 Corona                   Hex            0%           77%         1
 Slow                     Hex            0%           88%         2
 Inner Flame              Hex/Fire       0%           98%         3
 Portal Projectile        Hex/Tloc       0%           98%         3
 Cause Fear               Hex            0%           100%        4
 Leda's Liquefaction      Hex/Erth       0%           100%        4


Dungeon Overview and Level Annotations

Branches:
Dungeon (12/15)            Temple (1/1) D:7            Lair (0/6) D:8
    Orc (0/2) D:9         Ossuary (visited)

Altars:
Ashenzari
Cheibriados
Dithmenos
Elyvilon
Fedhas
Gozag
Hepliaklqana
Kikubaaqudgha
Nemelex Xobeh
Qazlal
Ru
Sif Muna
Trog
Uskayaw
Vehumet
Wu Jian
Xom
Yredelemnul
Zin
The Shining One

Shops:
D:9 *   D:12 *

Annotations:
D:10 1 runed translucent door, UristMcRaven's ghost, novice GnTm


Innate Abilities, Weirdness & Mutations

You reflexively headbutt those who attack you in melee.
You have a pair of horns on your head.


Message History

You slash the slime creature! You freeze the slime creature.
The slime creature hits you.
You slash the slime creature! You freeze the slime creature.
You headbutt the slime creature. The slime creature barely misses you.
You slash the slime creature! You freeze the slime creature.
You kill the slime creature!
Your Axes skill increases to level 16!
No target in view!
You hear the faint crackling of a very distant melting archway.
A worker ant is nearby!
The worker ant barely misses you. You furiously retaliate!
You headbutt the worker ant! You slash the worker ant!
You freeze the worker ant.
You kill the worker ant! 4 slime creatures come into view.
The slime creature quivers. x4
The slime creature moves out of view.
Found 15 gold pieces.
You see here a worker ant corpse.
The slime creature hits you. The slime creature hits you! x2
You slash the slime creature! You freeze the slime creature.
You headbutt the slime creature! You hit the slime creature.
You freeze the slime creature.
You hit the slime creature but do no damage.
You slash the slime creature! You freeze the slime creature.
The slime creature hits you but does no damage.
The slime creature misses you. You furiously retaliate!
You headbutt the slime creature. The slime creature closely misses you.
You slash the slime creature! You freeze the slime creature.
You slash the slime creature! You freeze the slime creature.
You hit the slime creature. You freeze the slime creature.
You hit the slime creature. You freeze the slime creature.
The slime creature hits you but does no damage.
You slash the slime creature! You freeze the slime creature.
You hit the slime creature. You freeze the slime creature.
You hit the slime creature. You freeze the slime creature.
You hit the slime creature. You freeze the slime creature.
The slime creature barely misses you.
The slime creature hits you but does no damage. x2
The slime creature closely misses you.
You slash the slime creature! You freeze the slime creature!
You kill the slime creature!
You slash the slime creature! You freeze the slime creature.
You hit the slime creature. You freeze the slime creature.
You slash the slime creature! You freeze the slime creature.
The slime creature hits you but does no damage.
The slime creature hits you. The slime creature hits you!
The slime creature closely misses you.
A slime creature comes into view.
The slime creature hits you!
Found 19 poisoned darts.
The slime creature quivers.
You slash the slime creature! You freeze the slime creature.
You slash the slime creature! You freeze the slime creature.
You slash the slime creature! You freeze the slime creature.
The slime creature closely misses you. You furiously retaliate!
You headbutt the slime creature! The slime creature barely misses you.
You furiously retaliate!
You headbutt the slime creature! You hit the slime creature.
You freeze the slime creature. You slash the slime creature!
You freeze the slime creature. You slash the slime creature!
You freeze the slime creature.
The slime creature hits you but does no damage.
You slash the slime creature! You freeze the slime creature.
You headbutt the slime creature.
You kill the slime creature!
You slash the slime creature! You freeze the slime creature.
You slash the slime creature! You freeze the slime creature.
You kill the slime creature!
The slime creature closely misses you.
You slash the slime creature! You freeze the slime creature.
You kill the slime creature!
You slash the slime creature! You freeze the slime creature.
The slime creature hits you!
* * * LOW HITPOINT WARNING * * *
You slash the slime creature! You freeze the slime creature!
You slash the slime creature! You freeze the slime creature.
The slime creature hits you but does no damage.
You hit the slime creature. You freeze the slime creature.
The slime creature hits you but does no damage.
You slash the slime creature! You freeze the slime creature.
You kill the slime creature!
You now have 497 gold pieces (gained 15).
A quokka comes into view.
Found Geepn's Assorted Antiques.
You hit the quokka but do no damage. The quokka closely misses you.
You furiously retaliate!
You headbutt the quokka!
You kill the quokka!
You now have 524 gold pieces (gained 27).
Found a scroll of teleportation.
There is an entrance to Geepn's Assorted Antiques here.
n - 5 scrolls of fog (gained 3);
E - a runed scale mail;
V - a diamond ring Thank you for shopping at Geepn's Assorted Antiques!
You start removing your armour.
You continue taking off your +2 ring mail of fire resistance. x4
You finish taking off your +2 ring mail of fire resistance.
You feel less resistant to fire.
You start putting on your armour.
You continue putting on your runed scale mail. x5
You finish putting on your +3 scale mail of willpower.
You feel strong-willed.
Drop what? 48/52 slots (_ for help) (? for menu, Esc to quit)
You drop a +2 ring mail of fire resistance.
You hear the faint crackling of a distant melting archway.
A six-headed hydra comes into view.
The six-headed hydra roars!
You hear a shout! x3
Found a runed glaive.
Your +2 war axe of freezing stops glowing.
Your +1 scimitar of flaming bursts into flame!
b - a +1 scimitar of flaming (weapon)
The six-headed hydra bites you but does no damage.
The six-headed hydra bites you!
* * * LOW HITPOINT WARNING * * *
The six-headed hydra bites you but does no damage.
The six-headed hydra misses you. The six-headed hydra bites you!
* * * LOW HITPOINT WARNING * * *
The six-headed hydra bites you!
* * * LOW HITPOINT WARNING * * *
Okay, then.
Okay, then.
An orc comes into view.
An orc comes into view. It is wielding a +0 trident.
The orc shouts!
An orc comes into view. It is wielding a +0 club.
The orc hits the plant with a +0 trident!
The plant begins to die.
There is a stone staircase leading up here.
A divine shield forms around you!
The six-headed hydra completely misses you.
You furiously retaliate!
You headbutt the six-headed hydra!
The six-headed hydra bites you but does no damage.
You block the six-headed hydra's attack.
The six-headed hydra bites you.
* * * LOW HITPOINT WARNING * * *
You block the six-headed hydra's attack.
The six-headed hydra bites you but does no damage.
You lop one of the six-headed hydra's heads off!
The flame cauterises the wound!
You hit the five-headed hydra. You burn the five-headed hydra.
The five-headed hydra bites you but does no damage.
The five-headed hydra barely misses you.
The five-headed hydra bites you!
* * * LOW HITPOINT WARNING * * *
The five-headed hydra barely misses you.
The five-headed hydra misses you. The five-headed hydra bites you!
* * * LOW HITPOINT WARNING * * *
The five-headed hydra bites you.
* * * LOW HITPOINT WARNING * * *
The five-headed hydra bites you!
You die...

#.# #(# #. # #.# #. . #.#
.# #. .# #.# #.###.# o.#
#.# #.##..####o.# #.#
#.##........) #@#
#.#..P.P.#..# #D#
#.#..Po..#..#
###.####.#..PPP.#..#
#...............#..#
#.#>####.##........#
#.#.###...........?#
####.###.#.............####
...............##..###.#
...........###.##..# #...


You could see a five-headed hydra.

Vanquished Creatures
  Snorg (D:11)
  Harold (D:9)
  A boulder beetle (D:11)
  A two-headed ogre (D:9)
  Erica (D:10)
  An unseen horror (D:10)
  Pikel (D:7)
  2 centaur skeletons
  A hornet (D:11)
  6 slime creatures (D:12)
  A shadow (D:11)
  5 yaks (D:11)
  A water moccasin (D:8)
  2 sky beasts (D:5)
  3 black bears
  6 orc warriors
  2 ice beasts
  2 necrophages (D:9)
  8 ogres
  11 centaurs
  3 phantoms
  2 kobold brigands
  8 bullfrogs
  7 water moccasin zombies (Ossuary)
  5 scorpions
  The ghost of letownia the Grasshopper, a weakling GnWr (D:4)
  9 killer bees (D:10)
  10 wights
  2 electric eels (D:10)
  4 howler monkeys
  2 bullfrog zombies
  A quasit (D:8)
  2 hounds
  7 orc priests
  2 bullfrog skeletons
  2 iguanas
  Ijyb (D:4)
  8 orc wizards
  6 worker ants
  A killer bee zombie (D:9)
  2 hound zombies
  A hound skeleton (D:9)
  4 mummies
  A howler monkey zombie (D:9)
  7 gnolls (D:8)
  15 adders
  3 shadow imps
  A white imp (D:5)
  An adder skeleton (D:7)
  6 adder zombies
  2 worms
  4 dart slugs
  2 leopard geckos
  27 orcs
  9 giant cockroaches
  3 gnoll zombies (Ossuary)
  4 goblins (D:1)
  8 hobgoblins
  4 jackals
  12 kobolds
  3 quokkas
  3 ball pythons
  4 bats (D:1)
  3 frilled lizards
  8 hobgoblin zombies (Ossuary)
  A leopard gecko skeleton (D:8)
  4 orc zombies (Ossuary)
  2 quokka zombies
  12 rats
296 creatures vanquished.

Vanquished Creatures (others)
  11 fungi (D:8)
  20 plants
  A withered plant (D:9)
32 creatures vanquished.

Grand Total: 328 creatures vanquished

Notes
Turn   | Place    | Note
-------+----------+-------------------------------------------
     0 | D:1      | CryoSword the Minotaur Monk began the quest for the Orb.
     0 | D:1      | Reached XP level 1. HP: 19/19 MP: 0/0
    15 | D:1      | Reached skill level 4 in Axes
    18 | D:1      | Reached XP level 2. HP: 25/27 MP: 1/1
   865 | D:1      | Reached XP level 3. HP: 33/33 MP: 2/2
  1119 | D:2      | Reached skill level 5 in Axes
  1372 | D:2      | Reached XP level 4. HP: 35/41 MP: 3/3
  1955 | D:3      | You fall into a shaft and drop 3 floors!
  1955 | D:6      | Found a sand-covered staircase.
  1956 | D:6      | Noticed a bullfrog
  1959 | Ossuary  | Entered an ossuary
  1981 | Ossuary  | Reached skill level 6 in Axes
  1981 | Ossuary  | Reached XP level 5. HP: 25/47 MP: 4/4
  1985 | Ossuary  | Reached skill level 5 in Fighting
  2450 | Ossuary  | Reached skill level 7 in Axes
  2450 | Ossuary  | Reached XP level 6. HP: 40/56 MP: 5/5
  2705 | Ossuary  | Reached skill level 8 in Axes
  2867 | Ossuary  | Reached XP level 7. HP: 45/63 MP: 6/6
  3112 | D:5      | Entered Level 5 of the Dungeon
  3142 | D:4      | Found a sacrificial altar of Ru.
  3812 | D:4      | Reached skill level 9 in Axes
  3881 | D:4      | Found a broken altar of Ashenzari.
  4024 | D:4      | Noticed Ijyb
  4041 | D:4      | Killed Ijyb
  4468 | D:4      | Found a runed translucent door.
  4469 | D:4      | Noticed letownia's ghost (weakling GnWr)
  4527 | D:4      | Killed letownia's ghost
  4734 | D:5      | Found a bloodstained altar of Trog.
  4774 | D:5      | Reached XP level 8. HP: 55/73 MP: 7/7
  4882 | D:5      | Reached skill level 10 in Axes
  5225 | D:5      | Reached skill level 1 in Armour
  5955 | D:6      | Found a basalt altar of Yredelemnul.
  6034 | D:6      | Reached skill level 11 in Axes
  6314 | D:6      | Reached XP level 9. HP: 55/82 MP: 8/8
  6673 | D:7      | Noticed Pikel
  6692 | D:7      | Killed Pikel
  6693 | D:7      | Reached skill level 5 in Dodging
  7291 | D:7      | Found a shadowy altar of Dithmenos.
  7445 | D:7      | Found a staircase to the Ecumenical Temple.
  7452 | Temple   | Entered the Ecumenical Temple
  7561 | Temple   | Became a worshipper of the Shining One
  7561 | Temple   | Reached * piety under the Shining One
  7561 | Temple   | Reached ** piety under the Shining One
  7960 | D:8      | Reached skill level 12 in Axes
  8174 | D:8      | Found a broken altar of Ashenzari.
  8216 | D:8      | Reached skill level 5 in Armour
  8216 | D:8      | Reached skill level 1 in Invocations
  8310 | D:8      | Found a staircase to the Lair.
  8557 | D:8      | Found a blossoming altar of Fedhas.
  8733 | D:8      | Reached XP level 10. HP: 55/91 MP: 10/10
  9030 | D:8      | Found a shimmering altar of Xom.
  9050 | D:8      | Reached *** piety under the Shining One
  9394 | D:9      | Noticed a two-headed ogre
  9403 | D:9      | Killed a two-headed ogre
  9542 | D:9      | Noticed Harold
  9556 | D:9      | Killed Harold
  9557 | D:9      | Reached skill level 13 in Axes
  9726 | D:9      | Found a staircase to the Orcish Mines.
  9750 | D:9      | Reached skill level 10 in Fighting
 10527 | D:9      | Found Sifiwn's General Store.
 10537 | D:9      | Bought a scroll of identify for 22 gold pieces
 10537 | D:9      | Bought a scroll of identify for 22 gold pieces
 10537 | D:9      | Bought a scroll of brand weapon for 220 gold pieces
 10537 | D:9      | Bought 12 bolts for 26 gold pieces
 10537 | D:9      | Bought a potion of might for 44 gold pieces
 10673 | D:10     | Entered Level 10 of the Dungeon
 10723 | D:10     | Noticed Erica
 10733 | D:10     | Killed Erica
 11089 | D:10     | Noticed an unseen horror
 11100 | D:10     | Killed an unseen horror
 11101 | D:10     | Reached XP level 11. HP: 68/101 MP: 13/13
 11110 | D:10     | Reached **** piety under the Shining One
 11148 | D:10     | Identified a scroll of acquirement
 11329 | D:10     | Found a runed translucent door.
 11330 | D:10     | Found a shimmering altar of Xom.
 11330 | D:10     | Noticed UristMcRaven's ghost (novice GnTm)
 11330 | D:10     | Noticed a +2 hand axe of chaos
 11603 | D:10     | Reached skill level 14 in Axes
 12137 | D:11     | Noticed Snorg
 12157 | D:11     | Killed Snorg
 12386 | D:11     | Noticed a boulder beetle
 12416 | D:11     | Killed a boulder beetle
 12417 | D:11     | Reached skill level 15 in Axes
 12763 | D:11     | Paralysed by a hornet for 1 turns
 13530 | D:12     | Reached skill level 16 in Axes
 13592 | D:12     | Found Geepn's Assorted Antiques.
 13605 | D:12     | Bought 3 scrolls of fog for 168 gold pieces
 13605 | D:12     | Bought a runed scale mail for 196 gold pieces
 13605 | D:12     | Bought a diamond ring for 140 gold pieces
 13619 | D:12     | Noticed a six-headed hydra
 13637 | D:12     | HP: 5/101 [five-headed hydra (5)]
 13637 | D:12     | Slain by a five-headed hydra

Illustrated notes

Levels and vault maps discovered:
D:1:      scummos_arrival_forest, layout_loops_cross, palyth_stone_intersect,
          moated_statue, chequers_serial_rivers_small_3, kennysheep_another_room
D:2:      layout_basic
D:3:      layout_rooms
D:4:      layout_basic, lemuel_round_altar, ebering_ghost_reflecting_pool,
          nicolae_ashenzari_panopticon, uniq_ijyb
D:5:      layout_gridville, trog_three_pillars_becter
D:6:      layout_gridville, yredelemnul_altar_generic, enter_ossuary_1,
          abandoned_shop
D:7:      layout_basic, lemuel_crystal_altar, minmay_temple_entry_butterflies,
          uniq_pikel
D:8:      layout_basic, fedhas_altar_1, nicolae_overflow_crystal_walls,
          old_standard_altar, grunt_lair_entry_orc_guard_hut
D:9:      layout_stronghold, david_orc_3, serial_shops, shop, serial_undead,
          serial_undead_c, serial_undead_c, serial_undead_f, serial_undead_a,
          serial_undead_c, serial_undead_c, serial_undead_a, serial_undead_a,
          uniq_harold
D:10:     wad_lake_hut, layout_rooms, ebering_ghost_xom, uniq_erica
D:11:     layout_irregular_city, uniq_snorg
D:12:     layout_loops_ring, serial_shops, nicolae_shop_overgrown_old_shop,
          portal_ice_cave_entry_imps, elves_outpost_lemuel
Temple:   eino_temple_scatter_basement

Skill      XL: |  1  2  3  4  5  6  7  8  9 10 11 |
---------------+----------------------------------+-----
Axes           | 4 5 6 7 8 9 11 12 13 16 | 16.4
Fighting       | 4 5 6 7 8 9 10 | 10.4
Armour         | 3 5 7 |  7.2
Dodging        | 4 6 7 |  7.5
Invocations    | 1 4 |  4.3
Stealth        | |  1.5

Action                   |  1- 3 |  4- 6 |  7- 9 | 10-12 || total
-------------------------+-------+-------+-------+-------++-------
Melee: Hand axe          |    73 |   127 |    99 |       ||   299
       Headbutt          |     9 |    33 |    70 |    47 ||   159
       War axe           |       |       |   250 |   275 ||   525
       Scimitar          |       |       |       |     1 ||     1
Invok: Divine Shield     |       |       |       |     6 ||     6
  Use: Potion            |     1 |       |     3 |       ||     4
       Scroll            |       |       |     6 |    15 ||    21
 Stab: Sleeping          |     4 |     1 |       |       ||     5
Armor: Robe              |     7 |       |       |       ||     7
       Ring mail         |     6 |    29 |   122 |    81 ||   238
       Scale mail        |       |       |       |     5 ||     5
Dodge: Dodged            |    52 |    64 |   185 |   183 ||   484
Block: Other             |       |       |       |    17 ||    17

Table legend: (Time is in decaauts)
 A = Elapsed time spent in this place.
 B = Non-inter-level travel time spent in this place.
 C = Inter-level travel time spent in this place.
 D = Time resting spent in this place.
 E = Time spent auto-exploring this place.
 F = Levels seen in this place.
 G = Mean time per level.
                   A        B        C        D        E       F      G
               +--------+--------+--------+--------+--------+-----+--------+
         Total |  13589 |  13072 |    517 |   2541 |   8401 |  14 |  970.6 |
       Dungeon |  12352 |  11844 |    508 |   1656 |   8300 |  12 | 1029.3 |
        Temple |    119 |    110 |      9 |      0 |    101 |   1 |  119.0 |
       Ossuary |   1117 |   1117 |      0 |    885 |      0 |   1 | 1117.0 |
               +--------+--------+--------+--------+--------+-----+--------+

Top non-repeatable levels by time:
    D:11: 1525 daAuts
     D:8: 1463 daAuts
    D:10: 1317 daAuts
     D:9: 1295 daAuts
     D:5: 1130 daAuts
     D:6: 1124 daAuts
 Ossuary: 1117 daAuts
     D:1: 1074 daAuts
     D:7: 992 daAuts
     D:4: 932 daAuts
     D:2: 841 daAuts
     D:3: 534 daAuts
  Temple: 119 daAuts
    D:12: 119 daAuts
